 Dungeon Crawl Stone Soup version 0.31-a0-960-g0fca184906 (webtiles) character file.

Game seed: 12879477506176515868

866 BinkBink the Chopper (level 7, -3/64 HPs)
             Began as a Minotaur Monk on Oct 23, 2023.
             Was a Believer of Dithmenos.
             Slain by a gnoll
             ... wielding a +0 halberd
             ... led by a gnoll sergeant
              (16 damage)
             ... on level 5 of the Dungeon.
             The game lasted 00:05:13 (4053 turns).

BinkBink the Chopper (Minotaur Monk)                Turns: 4053, Time: 00:05:14

Health: -3/64      AC:  2    Str: 17    XL:     7   Next: 72%
Magic:  6/6        EV: 12    Int:  7    God:    Dithmenos [**....]
Gold:   122        SH:  8    Dex: 13    Spells: 6/6 levels left

rFire   . . .        i - +7 war axe (vamp)
rCold   . . .        h - +0 kite shield
rNeg    . . .        b - +0 robe
rPois   .            (helmet restricted)
rElec   .            (no cloak)
rCorr   .            (no gloves)
SInv    .            (no boots)
Will    .....        (no amulet)
Stlth   ++           (no ring)
HPRegen 0.30/turn    (no ring)
MPRegen 0.10/turn

%: no passive effects
@: wreathed by umbra, studying Armour
A: horns 2, retaliatory headbutt
a: Renounce Religion, Shadow Step


You were on level 5 of the Dungeon.
You worshipped Dithmenos.
Dithmenos was pleased with you.
You visited 2 branches of the dungeon, and saw 6 of its levels.

You collected 122 gold pieces.

Inventory:

Hand Weapons
 a - a +0 hand axe
 i - a +7 vampiric war axe (weapon)
Armour
 b - a +0 robe (worn)
 d - an orb of light
 h - a +0 kite shield (worn)
Jewellery
 u - a ring of see invisible
 v - a +4 ring of slaying
Scrolls
 f - 2 scrolls of poison
 k - 2 scrolls of immolation
 o - a scroll of torment
 r - a scroll of blinking {unknown}
 s - a scroll of identify
Potions
 c - a potion of ambrosia
 e - a potion of enlightenment
 g - a potion of haste
 j - 3 potions of invisibility
 l - a potion of heal wounds {unknown}
 m - a potion of magic
 n - a potion of curing
 p - a potion of attraction
 q - a potion of degeneration {unknown}
 t - a potion of lignification {unknown}


   Skills:
 * Level 6.6 Fighting
 * Level 6.6 Axes
 + Level 3.9 Armour
 + Level 5.0 Dodging
 + Level 3.5 Shields


You had 6 spell levels left.
You didn't know any spells.
Your spell library contained the following spells:

 Spells                   Type           Power      Damage    Failure   Level
 Shock                    Conj/Air       0%         1d3       78%         1
 Static Discharge         Conj/Air       0%         3-3/arc   89%         2
 Swiftness                Air            0%         N/A       98%         3
 Airstrike                Air            0%         2d(0-16)  100%        4
 Summon Lightning Spire   Summ/Air       0%         N/A       100%        4


Dungeon Overview and Level Annotations

Branches:
Dungeon (5/15)             Temple (1/1) D:4

Altars:
Ashenzari
Cheibriados
Dithmenos
Elyvilon
Fedhas
Gozag
Kikubaaqudgha
Nemelex Xobeh
Qazlal
Ru
Sif Muna
Uskayaw
Vehumet
Wu Jian
Xom
Yredelemnul
Zin
The Shining One


Innate Abilities, Weirdness & Mutations

You have a pair of horns on your head.
You reflexively headbutt those who attack you in melee.


Message History

There are monsters nearby!
The gnoll shouts!
You hear a shout!
A gnoll sergeant comes into view. It is wielding a +0 spear.
You block the gnoll's attack.
A gnoll comes into view. It is wielding a +0 halberd.
A gnoll comes into view. It is wielding a +0 spear.
You block the gnoll's attack.
The gnoll sergeant hits you from afar with a +0 spear.
The gnoll shouts!
You slash the gnoll!
You feel better.
You kill the gnoll!
Dithmenos accepts your kill. You block the gnoll sergeant's attack.
The gnoll barely misses you.
The gnoll hits you from afar with a +0 halberd!
The gnoll sergeant hits you with a +0 spear!
Things that are here:
a +0 spear; a gnoll corpse You slash the gnoll sergeant!
The gnoll sergeant is moderately wounded.
The gnoll barely misses you.
The gnoll sergeant hits you with a +0 spear.
The gnoll closely misses you.
You hit the gnoll sergeant.
You feel better.
You headbutt the gnoll sergeant.
The gnoll sergeant is heavily wounded.
The gnoll closely misses you.
The gnoll hits you from afar with a +0 halberd.
You block the gnoll sergeant's attack. The gnoll sergeant closely misses you.
The gnoll hits you from afar with a +0 halberd. x2
You are too injured to fight recklessly!
You are too injured to fight recklessly!
As you read the scroll labelled UVANIE WESA, it crumbles to dust.
Your body is wracked with pain!
* * * LOW HITPOINT WARNING * * *
The gnoll sergeant convulses!
The gnoll convulses! x3
It was a scroll of torment.
The gnoll sergeant hits you with a +0 spear.
* * * LOW HITPOINT WARNING * * *
The gnoll hits you from afar with a +0 halberd!
You die...

###### ......
............ ...
..... ######
#.... #....#
#.... #....#
...# # #....#
#.#######..#
#....#
#.....@ggg.#
#....#
#...####g..#
#....### ##..##
.....
.......###...##
.#.#
..####........#
# .
..#######.#.##.#
....## #.#.....#
..##.# #..#.####
#.#### ######


You could see a gnoll sergeant and 3 gnolls.

Vanquished Creatures
  Sigmund (D:3)
  A water moccasin (D:5)
  An ogre (D:4)
  2 centaurs (D:5)
  2 hounds
  A jelly (D:4)
  An orc priest (D:4)
  Terence (D:2)
  3 iguanas
  A gnoll (D:5)
  5 adders
  A shadow imp (D:5)
  A dart slug (D:4)
  6 orcs
  7 bats
  7 endoplasms
  2 giant cockroaches
  A goblin (D:1)
  9 hobgoblins
  2 jackals (D:4)
  6 quokkas
  2 ball pythons (D:2)
  2 frilled lizards
  3 kobolds
  A rat (D:2)
69 creatures vanquished.

Notes
Turn   | Place    | Note
-------+----------+-------------------------------------------
     0 | D:1      | BinkBink the Minotaur Monk began the quest for the Orb.
     0 | D:1      | Reached XP level 1. HP: 19/19 MP: 0/0
   451 | D:1      | Reached XP level 2. HP: 24/27 MP: 1/1
  1118 | D:2      | Reached skill level 1 in Armour
  1131 | D:2      | Reached skill level 1 in Shields
  1131 | D:2      | Reached XP level 3. HP: 22/34 MP: 2/2
  1327 | D:2      | Noticed Terence
  1357 | D:2      | Killed Terence
  1358 | D:2      | Reached XP level 4. HP: 18/41 MP: 3/3
  1914 | D:3      | Noticed Sigmund
  2022 | D:2      | Identified a scroll of acquirement
  2022 | D:2      | Acquired a +6 vampiric war axe
  2036 | D:3      | Killed Sigmund
  2037 | D:3      | Reached skill level 5 in Fighting
  2037 | D:3      | Reached skill level 5 in Axes
  2037 | D:3      | Reached XP level 5. HP: 29/48 MP: 4/4
  2278 | D:3      | Reached XP level 6. HP: 56/56 MP: 5/5
  2976 | D:4      | Found a staircase to the Ecumenical Temple.
  2985 | Temple   | Entered the Ecumenical Temple
  3011 | Temple   | Became a worshipper of Dithmenos the Shadowed
  3011 | Temple   | Reached * piety under Dithmenos
  3011 | Temple   | Reached ** piety under Dithmenos
  3252 | D:4      | Reached XP level 7. HP: 60/62 MP: 6/6
  3476 | D:5      | Entered Level 5 of the Dungeon
  3795 | D:5      | Reached skill level 5 in Dodging
  4053 | D:5      | Slain by a gnoll

Illustrated notes

Levels and vault maps discovered:
D:1:      ncdulo_watergridlock, layout_basic
D:2:      layout_loops_ring, uniq_terence
D:3:      layout_basic, uniq_sigmund
D:4:      layout_cave_pools, minmay_temple_entry_glass
D:5:      layout_layer_cave, serial_co_window_serial, co_window_paths_a,
          co_window_corner_a, co_window_of_opportunity_a, co_window_paths_b,
          co_window_corner_a, co_window_corner_b, co_window_unsneaky_path_e,
          co_window_corner_b, co_window_4corner_a, glass_columns_a,
          glass_columns_a, glass_columns_a, glass_columns_a, minmay_manual_mares
Temple:   eino_narrow_crystal_temple

Skill      XL: |  1  2  3  4  5  6  7 |
---------------+----------------------+-----
Fighting       | 4 5 6 |  6.6
Axes           | 4 5 6 |  6.6
Armour         | 1 2 3 |  3.9
Shields        | 1 2 3 |  3.5
Dodging        | 4 5 |  5.0

Action                     |  1- 3 |  4- 6 |  7- 9 || total
---------------------------+-------+-------+-------++-------
  Melee: Hand axe          |    69 |    11 |       ||    80
         Headbutt          |    12 |    11 |    10 ||    33
         War axe           |       |    53 |    32 ||    85
    Use: Potion            |     1 |       |       ||     1
         Scroll            |       |    10 |     1 ||    11
   Stab: Sleeping          |     2 |       |       ||     2
 Armour: Robe              |    40 |    24 |    27 ||    91
  Dodge: Dodged            |    39 |    35 |    34 ||   108
  Block: Kite shield       |    22 |    30 |    21 ||    73

Table legend: (Time is in decaauts)
 A = Elapsed time spent in this place.
 B = Non-inter-level travel time spent in this place.
 C = Inter-level travel time spent in this place.
 D = Time resting spent in this place.
 E = Time spent auto-exploring this place.
 F = Levels seen in this place.
 G = Mean time per level.
                   A        B        C        D        E       F      G
               +--------+--------+--------+--------+--------+-----+--------+
         Total |   4107 |   4030 |     77 |    366 |   3058 |   6 |  684.5 |
       Dungeon |   4066 |   4029 |     37 |    366 |   3058 |   5 |  813.2 |
        Temple |     41 |      1 |     40 |      0 |      0 |   1 |   41.0 |
               +--------+--------+--------+--------+--------+-----+--------+

Top non-repeatable levels by time:
     D:3: 1158 daAuts
     D:1: 925 daAuts
     D:2: 872 daAuts
     D:5: 584 daAuts
     D:4: 525 daAuts
  Temple: 41 daAuts
